Map: Overgrown Facility

Players

Mathew - Winner!

  • Race: Protoss Protoss
  • League: Master
  • Spawn Location: 3:00

microFAST - Winner!

  • Race: Zerg Zerg
  • League: Master
  • Spawn Location: 1:00

Adversity

  • Race: Terran Terran
  • Spawn Location: 9:00

SongJihyo

  • Race: Terran Terran
  • League: Master
  • Spawn Location: 7:00

VOD

Have the link to the VOD?

Description

Time

  • Played on: July 18, 2018, 4:32 p.m.
  • Length: 5:45
Show
View Real Time Build Order
Export as new Build Order

Mathew Protoss - Winner!

Build Orders:  

Get SALT Encoding   

  12  0:02  Probe  
  14  0:14  Probe  
  14  0:18  Pylon  
  14  0:26  Probe  
  15  0:38  Probe  
  15  0:39  Gateway  
  16  0:47  Assimilator  
  16  0:50  Probe  
  17  1:01  Assimilator  
  17  1:02  Probe  
  18  1:12  Gateway  
  18  1:14  Probe  
  19  1:28  Probe  
  20  1:33  Cybernetics Core  
  20  1:42  Pylon  
  20  1:48  Probe  
  20  1:52  Warp Gate  
  21  2:01  Stalker x2  
  25  2:22  Gateway  
  25  2:30  Stalker  
  25  2:31  Stalker  
  29  2:40  Gateway  
  29  2:47  Pylon  
  25  3:48  Pylon  
  25  3:55  Stalker x2  
  25  3:56  Stalker x2  
  33  4:20  Stalker x3  
  33  4:21  Stalker  
  33  4:23  Pylon  
  41  4:46  Stalker x3  
  47  5:04  Stalker  
  47  5:11  Pylon  
  47  5:17  Stalker x2  
  51  5:24  Stalker  
Show
View Real Time Build Order
Export as new Build Order

microFAST Zerg - Winner!

Build Orders: Pool First 

Get SALT Encoding   

  12  0:00  Drone  
  13  0:08  Drone  
  14  0:16  Extractor  
  13  0:29  Spawning Pool  
  13  0:32  Drone  
  13  0:36  Drone  
  14  0:43  Drone, Extractor  
  15  0:53  Overlord  
  15  1:18  Zergling x2  
  15  1:19  Metabolic Boost, Zergling x4  
  18  1:27  Queen  
  18  1:31  Zergling x2  
  21  1:40  Zergling x2  
  22  1:57  Overlord  
  22  2:10  Hatchery  
  22  2:15  Zergling x4  
  23  2:23  Zergling x2  
  23  2:36  Zergling x2  
  22  2:37  Zergling x2  
  22  2:38  Zergling x4  
  25  2:47  Queen  
  25  2:51  Zergling x2  
  28  3:00  Zergling x2  
  29  3:08  Zergling x2  
  29  3:15  Zergling x2  
  30  3:22  Zergling x2  
  30  3:26  Zergling x2  
  30  3:27  Zergling x4  
  34  3:37  Zergling x2  
  34  3:45  Zergling x4  
  34  3:48  Zergling x2  
  29  3:56  Zergling x2  
  29  3:57  Zergling x2  
  29  4:01  Zergling x4  
  29  4:02  Zergling x2  
  34  4:07  Zergling x2  
  35  4:15  Zergling x2  
  35  4:26  Overlord  
  33  4:42  Overlord x2  
  28  4:49  Zergling x12  
  34  4:57  Drone  
  34  4:58  Drone  
  36  5:00  Overlord x2  
  35  5:08  Overlord  
  35  5:12  Drone  
  36  5:14  Drone  
  36  5:17  Drone  
  38  5:22  Drone  
  38  5:25  Drone  
Show
View Real Time Build Order
Export as new Build Order

Adversity Terran 

Build Orders:  

Get SALT Encoding   

  12  0:01  SCV  
  13  0:13  SCV  
  14  0:18  Supply Depot  
  14  0:25  SCV  
  15  0:30  Refinery  
  15  0:39  SCV  
  16  0:47  Barracks  
  16  0:51  SCV  
  17  1:03  SCV  
  18  1:08  Barracks  
  18  1:15  SCV  
  19  1:25  Barracks  
  19  1:34  Reaper  
  20  1:43  Orbital Command  
  20  1:50  Supply Depot  
  20  1:55  Reaper  
  20  2:00  Refinery  
  21  2:07  Reaper  
  22  2:13  SCV  
  22  2:14  Reaper  
  24  2:24  Supply Depot  
  24  2:26  SCV  
  25  2:35  Reaper  
  26  2:40  SCV  
  26  2:42  Reaper  
  28  2:49  Reaper  
  29  2:53  SCV  
  30  3:02  Command Center  
  30  3:05  SCV  
  31  3:07  Reaper  
  32  3:23  Reaper  
  32  3:25  SCV  
  34  3:27  Engineering Bay  
  34  3:28  Barracks Tech Lab  
  34  3:44  Supply Depot  
  34  3:55  Missile Turret  
  34  3:57  Marauder  
  34  3:58  Bunker  
  34  3:59  Marine  
  38  4:02  SCV  
  38  4:03  Barracks Reactor  
  38  4:16  SCV  
  38  4:19  Marine, Marauder  
  38  4:22  Orbital Command  
  41  4:35  SCV  
  41  4:38  Factory  
  42  4:43  Marine x2, Marauder  
  45  4:48  SCV  
  45  4:55  SCV  
  45  5:00  Marine, SCV  
  48  5:08  Marauder  
  48  5:09  Marine x2  
  51  5:15  SCV  
  51  5:20  Barracks  
  52  5:21  Barracks  
  52  5:22  Factory Tech Lab, Supply Depot  
  52  5:24  Marine  
  52  5:27  SCV  
Show
View Real Time Build Order
Export as new Build Order

SongJihyo Terran 

Build Orders: Reaper Expand 

Get SALT Encoding   

  12  0:01  SCV  
  13  0:13  SCV  
  14  0:21  Supply Depot  
  14  0:26  SCV  
  15  0:42  SCV  
  16  0:43  Barracks  
  16  0:48  Refinery  
  16  0:54  SCV  
  17  1:11  SCV  
  18  1:30  Orbital Command  
  18  1:33  Reaper  
  19  1:44  Command Center  
  19  1:56  SCV  
  19  2:00  Refinery  
  20  2:14  Supply Depot  
  20  2:15  Barracks Reactor  
  20  2:17  SCV  
  21  2:36  Barracks Reactor  
  21  2:40  Factory, SCV  
  22  2:52  SCV  
  23  3:01  Orbital Command  
  23  3:04  SCV  
  24  3:14  Marine x2  
  26  3:24  Cyclone  
  28  3:38  Marine  
  29  3:51  Bunker  
  29  3:52  SCV  
  30  4:00  SCV  
  30  4:01  Barracks Reactor  
  30  4:06  Supply Depot  
  30  4:09  Supply Depot  
  30  4:28  Cyclone  
  31  4:43  Marine x2  
  16  4:54  SCV x2  
  13  5:06  SCV  
  5  5:18  SCV  
  5  5:30  SCV  
Tags
 
Add a new tag
Caveats
  • Supply blocks, unpowered buildings, or Contaminate may cause inaccurate times.
  • Supply counts are checked every 10 seconds.